 Dungeon Crawl Stone Soup version 0.28-a0-1347-g113dc556a4 (webtiles) character file.

Game seed: 9988937301078540587

329 skittles the Magician (level 6, -6/45 HPs)
             Began as a Djinni Conjurer on Dec 30, 2021.
             Mangled by a water moccasin (8 damage)
             ... on level 3 of the Dungeon.
             The game lasted 00:08:28 (3457 turns).

skittles the Magician (Djinni Conjurer)             Turns: 3457, Time: 00:08:29

Health: -6/45      AC:  4    Str:  6    XL:     6   Next: 80%
Gold:   70         EV: 13    Int: 21    God:
                   SH:  0    Dex: 12

rFire   + + .      SeeInvis .   i - +0 dagger
rCold   x . .      Faith    .   (no shield)
rNeg    . . .      Spirit   .   a - +0 robe
rPois   ∞          Reflect  .   j - +1 helmet
rElec   .          Harm     .   (no cloak)
rCorr   .          Rampage  .   (no gloves)
Will    .....                   (boots unavailable)
Stlth   ++........              (no amulet)
HPRegen 0.15/turn               (no ring)
MPRegen 0.00/turn               (no ring)

@: flying
A: sickness immunity, fire resistance 2, cold vulnerability 1, float, innate
caster, hp casting, extra vitality 1
a: no special abilities


You were on level 3 of the Dungeon.
You visited 1 branch of the dungeon, and saw 3 of its levels.

You collected 70 gold pieces.

Inventory:

Hand Weapons
 b - a +0 whip
 i - a +0 dagger (weapon)
Missiles
 d - 6 javelins
 t - 2 boomerangs
Armour
 a - a +0 robe (worn)
 j - a +1 helmet (worn)
Magical Staves
 o - a staff of death
Wands
 u - a wand of mindburst (14)
Scrolls
 e - a scroll of fear {unknown}
 g - a scroll of holy word {unknown}
 h - a scroll of immolation {unknown}
 l - a scroll of fog {unknown}
 q - a scroll of enchant weapon {unknown}
 r - a scroll of identify {unknown}
Potions
 c - a potion of attraction {unknown}
 f - a potion of flight {unknown}
 k - 3 potions of curing {unknown}
 m - a potion of ambrosia {unknown}
 n - a potion of lignification {unknown}
 p - a potion of cancellation {unknown}
 s - a potion of mutation {unknown}


   Skills:
 + Level 2.9 Fighting
 + Level 4.0 Dodging
 - Level 1.5 Stealth
 * Level 4.7 Spellcasting


You couldn't memorise any spells.
You knew the following spells:

 Your Spells              Type           Power      Damage    Failure   Level
a - Magic Dart            Conj           100%       1d8       1%          1
b - Searing Ray           Conj           50%        2d6       2%          2
c - Dazzling Flash        Conj/Hex       50%        N/A       4%          3
d - Fulminant Prism       Conj/Hex       12%        3d9       16%         4
e - Iskenderun's Mystic   Conj/Tloc      25%        2d7       16%         4
f - Pain                  Necr           100%       1d9       1%          1
g - Ensorcelled Hibernat  Hex/Ice        50%        N/A       2%          2
Your spell library was empty.

Dungeon Overview and Level Annotations

Branches:
Dungeon (3/15)

Altars:


Innate Abilities, Weirdness & Mutations

You are immune to sickness and miasma.
You are immune to poison.
Your flesh is very heat resistant. (rF++)
You are vulnerable to cold. (rC-)
You float through the air rather than walking.
You learn spells naturally, not from books.
Your magical power is your life essence.
You have superior vitality. (+4 MHP)


Message History

Confirm with . or Enter, or press ? or * to list all spells.
Aiming: Magic Dart (safe; 1% risk of failure)
Press: ? - help, Shift-Dir - straight line, f/p - water moccasin
Aim: a water moccasin (heavily wounded, 100% to hit)
The magic dart hits the water moccasin.
The water moccasin is severely wounded.
* * * LOW HITPOINT WARNING * * *
The water moccasin bites you but does no damage.
Casting: Magic Dart (safe; 1% risk of failure)
Confirm with . or Enter, or press ? or * to list all spells.
Aiming: Magic Dart (safe; 1% risk of failure)
Press: ? - help, Shift-Dir - straight line, f/p - water moccasin
Aim: a water moccasin (severely wounded, 100% to hit)
The magic dart hits the water moccasin but does no damage.
The water moccasin is severely wounded.
* * * LOW HITPOINT WARNING * * *
The water moccasin barely misses you. The water moccasin closely misses you.
Casting: Magic Dart (safe; 1% risk of failure)
Confirm with . or Enter, or press ? or * to list all spells.
Aiming: Magic Dart (safe; 1% risk of failure)
Press: ? - help, Shift-Dir - straight line, f/p - water moccasin
Aim: a water moccasin (severely wounded, 100% to hit)
The magic dart hits the water moccasin.
The water moccasin is severely wounded.
* * * LOW HITPOINT WARNING * * *
The water moccasin closely misses you. The water moccasin bites you!
* * * LOW HITPOINT WARNING * * *
You see here an iguana corpse.
A hobgoblin comes into view.
The water moccasin bites you.
* * * LOW HITPOINT WARNING * * *
Casting: Magic Dart (safe; 1% risk of failure)
Confirm with . or Enter, or press ? or * to list all spells.
You don't have enough health to cast this spell.
The water moccasin closely misses you.
You hit the water moccasin but do no damage.
The water moccasin is severely wounded.
The water moccasin bites you!
You die...

#.#.#...####..
#..#..........
#####.#...####.
......##.##
.......#.#
####...#.#
###..g..####
.....>......#
.#.#.<#####@# #..
#S# #. #†#########.
#..#####.#.........
#..........#######.
..#####)### #.# #.#
........#


You could see a water moccasin and a hobgoblin.

Vanquished Creatures
  Sigmund (D:3)
  Jessica (D:2)
  An iguana (D:3)
  Robin (D:2)
  5 adders
  A worm (D:2)
  A dart slug (D:2)
  5 endoplasms
  17 goblins
  11 hobgoblins (D:2)
  2 quokkas
  4 ball pythons
  2 bats
  3 frilled lizards (D:1)
  2 kobolds (D:1)
  3 rats
60 creatures vanquished.

Vanquished Creatures (others)
  A fulminant prism (D:3)
1 creature vanquished.

Grand Total: 61 creatures vanquished

Notes
Turn   | Place    | Note
-------+----------+-------------------------------------------
     0 | D:1      | skittles the Djinni Conjurer began the quest for the Orb.
     0 | D:1      | Reached XP level 1. HP: 15/15 MP: 0/0
   325 | D:1      | Reached XP level 2. HP: 20/22 MP: 0/0
  1285 | D:2      | Reached skill level 1 in Fighting
  1285 | D:2      | Reached XP level 3. HP: 23/27 MP: 0/0
  1285 | D:2      | Learned a level 1 spell: Pain
  1330 | D:2      | Found a faded altar of an unknown god.
  1398 | D:2      | Noticed Jessica
  1402 | D:2      | Killed Jessica
  1403 | D:2      | Reached XP level 4. HP: 28/32 MP: 0/0
  2160 | D:2      | Reached XP level 5. HP: 33/38 MP: 0/0
  2160 | D:2      | Learned a level 2 spell: Ensorcelled Hibernation
  2224 | D:2      | Identified the +2 helmet "Tuare" {rPois}
  2224 | D:2      | Noticed Robin
  2233 | D:2      | Killed Robin
  2955 | D:3      | Noticed Sigmund
  3256 | D:3      | Killed Sigmund
  3257 | D:3      | Reached XP level 6. HP: 33/45 MP: 0/0
  3429 | D:3      | Noticed a water moccasin
  3455 | D:3      | HP: 1/45 [water moccasin (3)]
  3457 | D:3      | Mangled by a water moccasin

Illustrated notes

Levels and vault maps discovered:
D:1:      tarquinn_simple_flora_water_d, layout_loops_corners
D:2:      layout_loops_corners, nicolae_ecumenical_lake_church, uniq_robin,
          uniq_jessica
D:3:      layout_loops_ring, uniq_sigmund

Skill      XL: |  1  2  3  4  5 |
---------------+----------------+-----
Fighting       | 1 2 |  2.9
Dodging        | 3 4 |  4.0
Spellcasting   | 4 |  4.7
Stealth        | |  1.5

Action                   |  1- 3 |  4- 6 || total
-------------------------+-------+-------++-------
Melee: Dagger            |       |    19 ||    19
 Cast: Magic Dart        |    43 |    54 ||    97
       Searing Ray       |       |    10 ||    10
       Fulminant Prism   |       |     1 ||     1
Armor: Robe              |     1 |    11 ||    12
Dodge: Dodged            |     2 |    44 ||    46

Table legend: (Time is in decaauts)
 A = Elapsed time spent in this place.
 B = Non-inter-level travel time spent in this place.
 C = Inter-level travel time spent in this place.
 D = Time resting spent in this place.
 E = Time spent auto-exploring this place.
 F = Levels seen in this place.
 G = Mean time per level.
                   A        B        C        D        E       F      G
               +--------+--------+--------+--------+--------+-----+--------+
         Total |   3458 |   3418 |     40 |    849 |   2199 |   3 | 1152.7 |
       Dungeon |   3458 |   3418 |     40 |    849 |   2199 |   3 | 1152.7 |
               +--------+--------+--------+--------+--------+-----+--------+

Top non-repeatable levels by time:
     D:2: 1933 daAuts
     D:1: 1237 daAuts
     D:3: 286 daAuts
